Map: 普列昂台地

Players

Expect - Winner!

  • Race: Terran Terran
  • League: Master

Fist

  • Race: Zerg Zerg

Event: 2016 WCS Winter Challenger Taiwan

VOD

Have the link to the VOD?

Description

Time

  • Played on: Jan. 9, 2016, 6:21 a.m.
  • Length: 10:17

All games in this series

Show
View Real Time Build Order
Export as new Build Order

Expect Terran - Winner!

Build Orders: 1/1/1, Liberator Opening, MMM Bio 

Get SALT Encoding   

  12  0:00  SCV  
  13  0:12  SCV  
  14  0:18  Supply Depot  
  14  0:25  SCV  
  15  0:40  SCV  
  15  0:41  Barracks  
  16  0:44  Refinery  
  16  0:52  SCV  
  16  0:53  Refinery  
  17  1:04  SCV  
  18  1:16  SCV  
  19  1:28  Orbital Command  
  19  1:32  Marine  
  20  1:34  Factory  
  20  1:42  Supply Depot  
  20  1:50  Barracks Reactor  
  20  1:54  SCV  
  21  2:06  SCV  
  22  2:19  Starport  
  22  2:20  SCV  
  22  2:22  Widow Mine  
  25  2:27  Marine x2  
  27  2:30  Supply Depot  
  27  2:47  Marine  
  27  2:49  Command Center  
  28  2:55  SCV  
  28  2:58  Medivac  
  31  3:01  Marine  
  32  3:07  Factory Tech Lab, Marine  
  32  3:12  SCV  
  34  3:15  Liberator  
  34  3:16  Supply Depot  
  35  3:33  Marine  
  39  3:34  Marine  
  39  3:37  SCV  
  40  3:45  Supply Depot  
  40  3:49  SCV  
  40  3:50  Marine  
  40  3:52  Marine  
  43  3:55  Siege Tank  
  43  4:01  SCV  
  47  4:06  Orbital Command  
  47  4:14  SCV, Marine x2  
  50  4:21  Medivac  
  52  4:26  SCV  
  53  4:32  Barracks, Marine x2  
  53  4:33  Orbital Command  
  55  4:44  Siege Tank  
  58  4:48  SCV  
  58  4:52  Marine  
  59  4:53  Marine  
  59  4:58  SCV  
  62  5:00  SCV  
  63  5:10  SCV  
  63  5:12  SCV  
  63  5:13  Supply Depot, Marine x2  
  67  5:14  Supply Depot  
  67  5:20  Siege Tank  
  67  5:21  Barracks Tech Lab  
  70  5:34  Bunker  
  70  5:35  SCV x2  
  72  5:36  Supply Depot  
  72  5:37  Supply Depot  
  72  5:47  SCV x2  
  72  5:59  SCV x2  
  58  6:09  Marine x2  
  58  6:10  Marine  
  63  6:11  SCV x2  
  63  6:12  Stimpack  
  63  6:14  Barracks  
  63  6:15  Barracks  
  63  6:22  Starport Reactor  
  63  6:23  SCV x2, Siege Tank, Command Center  
  66  6:36  Marine x3  
  66  6:38  SCV x2  
  71  6:42  Engineering Bay  
  71  6:44  Engineering Bay  
  71  6:45  Refinery  
  71  6:46  Refinery  
  71  6:59  Marine x2  
  73  7:01  SCV  
  73  7:08  Barracks Reactor x2, Missile Turret  
  74  7:10  Missile Turret  
  74  7:11  Missile Turret  
  73  7:15  SCV  
  73  7:16  SCV  
  73  7:21  Marine  
  73  7:22  Marine x2  
  71  7:23  Medivac x2  
  71  7:27  Terran Infantry Weapons Level 1  
  71  7:28  Terran Infantry Armor Level 1  
  71  7:29  Barracks  
  75  7:30  Supply Depot  
  75  7:38  Orbital Command  
  75  7:39  Marine x2  
  75  7:40  Marine  
  75  7:41  SCV x2  
  75  7:44  Siege Tank  
  83  7:45  Marine x3  
  83  7:46  Marine  
  84  7:56  Medivac x2  
  84  7:57  Marine  
  84  7:58  Marine x2  
  91  8:02  Marine, Orbital Command  
  91  8:03  Marine x2  
  94  8:13  Marine  
  94  8:15  Marine x2  
  94  8:16  Marine  
  94  8:19  Missile Turret  
  96  8:20  Marine x2  
  96  8:21  Marine  
  96  8:23  Barracks Reactor, Combat Shields  
  99  8:31  Marine  
  99  8:33  Marine x2  
  105  8:37  Marine  
  105  8:38  Marine x2  
  105  8:39  Siege Tank, Marine  
  109  8:42  Medivac x2  
  113  8:48  Bunker  
  113  8:49  Marine  
  113  8:51  Marine x2  
  113  8:55  Marine  
  117  8:56  Marine x2  
  117  9:02  Supply Depot  
  118  9:03  Supply Depot  
  118  9:04  Armory, Marine  
  118  9:05  Marine x2  
  118  9:06  Marine  
  118  9:09  Marine x2  
  124  9:19  Marine x2  
  124  9:23  Marine x4  
  127  9:24  Siege Tank  
  130  9:36  Supply Depot  
  130  9:38  Supply Depot  
  130  9:44  Marine x3  
  117  9:47  Marine x2  
  117  9:48  Marine x2  
  117  9:50  Marine x2  
  123  9:58  Command Center  
  123  9:59  Barracks  
  126  10:01  Barracks  
Show
View Real Time Build Order
Export as new Build Order

Fist Zerg 

Build Orders: Hatch First, Muta Ling Bane 

Get SALT Encoding   

  12  0:01  Drone  
  13  0:13  Overlord  
  13  0:17  Drone  
  14  0:32  Drone x2  
  16  0:37  Drone  
  17  0:52  Hatchery  
  17  0:57  Drone  
  17  1:08  Spawning Pool  
  16  1:12  Drone, Extractor  
  16  1:16  Drone  
  17  1:22  Drone  
  18  1:29  Drone  
  19  1:40  Overlord  
  19  1:55  Queen  
  19  1:56  Zergling x2  
  22  2:03  Queen  
  22  2:04  Zergling x2  
  22  2:05  Zergling x2  
  26  2:15  Metabolic Boost  
  26  2:25  Drone  
  26  2:26  Drone x2  
  26  2:27  Drone  
  30  2:36  Overlord, Drone  
  32  2:44  Drone  
  32  2:47  Drone  
  33  2:55  Drone  
  34  3:03  Drone  
  35  3:06  Overlord  
  35  3:07  Drone x2  
  37  3:15  Overlord  
  37  3:16  Zergling x8  
  37  3:17  Queen  
  43  3:24  Extractor, Queen  
  45  3:29  Overlord  
  45  3:44  Spore Crawler x2  
  45  3:45  Drone x5  
  45  3:46  Drone x3  
  51  3:57  Lair  
  51  4:05  Extractor  
  51  4:06  Extractor  
  49  4:15  Drone x3  
  49  4:16  Overlord  
  52  4:17  Extractor  
  51  4:31  Drone  
  52  4:40  Hatchery  
  52  4:42  Drone  
  52  4:43  Drone x8  
  60  4:50  Overlord  
  60  4:51  Overlord  
  60  5:08  Queen  
  60  5:13  Spire  
  61  5:22  Drone x3  
  61  5:26  Baneling Nest  
  63  5:32  Zergling x6  
  63  5:33  Zergling x12  
  68  5:52  Overlord  
  68  5:57  Zergling x14  
  58  6:29  Mutalisk x7  
  58  6:31  Spore Crawler  
  67  6:42  Overlord  
  64  7:00  Drone  
  64  7:01  Drone x9  
  74  7:08  Overlord  
  74  7:13  Overlord  
  73  7:16  Zergling x4  
  75  7:29  Queen  
  74  7:31  Baneling x7  
  73  7:43  Drone x7  
  80  7:52  Centrifical Hooks  
  80  8:09  Extractor  
  80  8:10  Drone x7, Extractor  
  80  8:11  Drone  
  86  8:16  Baneling  
  86  8:17  Baneling x4  
  86  8:26  Zergling x14  
  93  8:28  Baneling  
  93  8:29  Baneling x2  
  93  8:34  Overlord  
  93  8:38  Zergling x6  
  93  8:39  Zergling x2  
  97  8:45  Overlord  
  97  8:47  Hatchery  
  96  8:49  Mutalisk  
  98  8:58  Zergling x16  
  106  9:14  Evolution Chamber  
  106  9:15  Evolution Chamber  
  104  9:19  Mutalisk x2  
  104  9:21  Overlord x2  
  104  9:22  Zergling x12  
  110  9:32  Baneling x8  
  82  9:46  Baneling x6  
  82  9:47  Zergling x18  
  82  9:50  Overseer  
  89  9:58  Baneling x5  
  89  9:59  Zergling x4  
Tags
 
Add a new tag
Caveats
  • Supply blocks, unpowered buildings, or Contaminate may cause inaccurate times.
  • Supply counts are checked every 10 seconds.